 Dungeon Crawl Stone Soup version 0.21.1-1-g345015fe64 (webtiles) character file.

8362 Oddi92 the Cleaver (level 11, -7/99 HPs)
             Began as a Deep Dwarf Fighter on June 11, 2018.
             Was an Elder of Makhleb.
             Mangled by an Executioner (9 damage)
             ... summoned by the player character
             ... on level 2 of the Orcish Mines.
             The game lasted 00:55:41 (7927 turns).

Oddi92 the Cleaver (Deep Dwarf Fighter)             Turns: 7927, Time: 00:55:42

Health: -7/99      AC: 18    Str: 22    XL:     11   Next: 8%
Magic:  6/6        EV:  6    Int: 10    God:    Makhleb [****..]
Gold:   386        SH: 12    Dex: 12    Spells: 10/10 levels left

rFire    + . .     SeeInvis .   B - +2 hand axe (venom)
rCold    x . .     Gourm    .   c - +0 shield
rNeg     + . .     Faith    .   T - +3 plate armour
rPois    .         Spirit   .   (no helmet)
rElec    .         Reflect  .   X - +0 cloak
rCorr    .         Harm     .   (no gloves)
MR       +....                  (no boots)
Stlth    ..........             (no amulet)
HPRegen  0.00/turn              s - ring of positive energy
MPRegen  0.10/turn              v - ring of fire

@: lethally poisoned (-7 -> -7), non-regenerating, drained
A: damage resistance, heal wounds, sense surroundings 2, no regeneration
a: Heal Wounds, Minor Destruction, Lesser Servant of Makhleb, Major Destruction,
Renounce Religion


You were on level 2 of the Orcish Mines.
You worshipped Makhleb.
Makhleb was greatly pleased with you.
You were not hungry.

You visited 2 branches of the dungeon, and saw 11 of its levels.
You also visited: Bailey.

You collected 646 gold pieces.
You spent 260 gold pieces at shops.

Inventory:

Hand Weapons
 b - a +0 hand axe of electrocution
 f - a +0 hand crossbow
 t - a +1 spear of piercing
 B - a +2 hand axe of venom (weapon)
 S - a +4 flail of protection
 Y - a +0 hunting sling of flaming
Missiles
 r - 221 stones
 D - 11 tomahawks (quivered)
 I - 15 bolts
Armour
 c - a +0 shield (worn)
 T - a +3 plate armour (worn)
 X - a +0 cloak (worn)
Jewellery
 s - a ring of positive energy (left hand)
 v - a ring of fire (right hand)
Wands
 y - a wand of paralysis (12)
 F - a wand of polymorph (14)
 M - a wand of enslavement (13)
 O - a wand of clouds (5)
 R - a wand of random effects (46)
Scrolls
 i - 3 scrolls of amnesia
 j - 3 scrolls of fear
 k - a scroll of magic mapping {unknown}
 l - a scroll of enchant weapon {unknown}
 x - 4 scrolls of teleportation
 C - a scroll of random uselessness
 H - 2 scrolls of remove curse {unknown}
 K - 2 scrolls of fog {unknown}
 P - a scroll of brand weapon {unknown}
 Q - a scroll of enchant armour {unknown}
 U - a scroll of blinking {unknown}
Potions
 d - 4 potions of might
 e - 5 potions of brilliance
 h - 2 potions of mutation
 n - 4 potions of magic
 o - a potion of lignification
 p - 3 potions of degeneration
 q - 3 potions of resistance
 u - 2 potions of invisibility
 w - 2 potions of haste
 z - 4 potions of curing
 E - 2 potions of heal wounds
 G - 2 potions of flight
 L - a potion of agility
 N - a potion of berserk rage
Books
 a - a book of Callings

   Spells                             Type                      Level
   a - Summon Small Mammal            Summoning                    1
   b - Call Imp                       Summoning                    2
   c - Call Canine Familiar           Summoning                    3
   d - Summon Guardian Golem          Hexes/Summoning              3
   e - Summon Lightning Spire         Summoning/Air                4
   f - Summon Ice Beast               Ice/Summoning                4
Comestibles
 g - 3 chunks of flesh
 J - 12 rations


   Skills:
 + Level 6.8(6.6) Fighting
   Level 0.2(0.0) Long Blades
 + Level 11.1(10.9) Axes
 + Level 1.8(6.5) Maces & Flails
 + Level 0.7(5.7) Polearms
 + Level 2.3(2.1) Slings
 + Level 0.9(0.7) Crossbows
 + Level 0.3(1.0) Throwing
 + Level 9.0(8.8) Armour
 - Level 2.4(2.2) Dodging
 - Level 0.7(0.5) Stealth
 + Level 9.7(9.5) Shields
 + Level 0.9(0.7) Invocations


You had 10 spell levels left.
You didn't know any spells.

Dungeon Overview and Level Annotations

Branches:
Dungeon (9/15)             Temple (0/1) D:6             Orc (2/2) D:9
   Lair: D:8-11         Elf: Orc:2

Altars:
Cheibriados
Fedhas
Hepliaklqana
Kikubaaqudgha
Makhleb
Nemelex Xobeh
Okawaru
Qazlal
Trog
Uskayaw
Wu Jian
Xom

Shops:
D:6 !   D:7 (   Orc:2 [


Innate Abilities, Weirdness & Mutations

You are resistant to damage.
You can heal yourself by infusing magical energy.
You passively map the area around you.
You do not regenerate.


Message History

* * * LOW HITPOINT WARNING * * *
The Executioner hits you but does no damage. x2
The green death hits you.
The Executioner gestures.
The Executioner seems to speed up.
The orc sorcerer points at you and mumbles some strange words.
The bolt of negative energy hits you! You partially resist.
You feel drained.
The bolt of negative energy hits the Executioner.
The Executioner completely resists.
The Executioner barely misses you. The Executioner hits you.
The Executioner hits you but does no damage.
The green death gestures at you. The poison arrow hits you!
You are poisoned.
* * * LOW HITPOINT WARNING * * *
You can move again.
You block the Executioner's attack. x2
The Executioner hits you but does no damage.
The Executioner hits you!
You die...

, , ,,,* *, ≈,
,............... ,
, ≈ ≈
≈...............,,
, , ≈
≈.............. ,
, , *
≈.......#...... ,
*
≈..........<...,,,
*
≈...............,
,,
≈≈,≈.....))2......
, ,, , ,,≈
,......1@o...... ,
........)......,,,
, * , ,
#..$..........., ,
, ,,* ,
..........##### ,
,, ,...#......# *
, , .. .......#*
*, , ,,, .
........+ * ,,, ,
,.∩....#..# , , *
, , , ,,


You could see a green death, an Executioner and an orc sorcerer.

Vanquished Creatures
  2 two-headed ogres
  An orc knight (Orc:2)
  The ghost of LevaFresel the Bolt Thrower, a novice KoHu of Okawaru (D:5)
  A troll (Orc:1)
  Grinder (D:4)
  Sigmund (D:6)
  A wyvern (D:9)
  4 yaks
  2 hungry ghosts (D:7)
  A water moccasin (D:6)
  Edmund (D:6)
  9 orc warriors
  A black bear (D:6)
  2 phantoms
  A necrophage (D:9)
  3 centaurs
  7 ogres
  A big kobold (D:8)
  Blork the orc (D:4)
  2 bullfrogs
  A gnoll sergeant (D:9)
  A scorpion (D:5)
  5 killer bees (D:9)
  5 wights (D:9)
  4 howler monkeys
  2 bullfrog zombies
  A crimson imp (D:7)
  3 hounds
  A jelly (D:8)
  2 gnoll shamans
  11 orc priests
  A bullfrog skeleton (D:4)
  Crazy Yiuf (D:6)
  2 centaur skeletons
  3 worker ants
  Ijyb (D:3)
  An iguana (D:7)
  16 orc wizards
  A hound zombie (D:8)
  9 adders
  14 gnolls
  2 shadow imps
  2 adder skeletons (D:4)
  4 worms
  2 dart slugs
  A leopard gecko (D:7)
  57 orcs
  A ball python (D:3)
  4 giant cockroaches
  5 goblins
  5 hobgoblins
  2 jackals (D:9)
  8 kobolds
  A quokka (D:2)
  5 bats
  3 frilled lizards
  A jackal skeleton (D:8)
  A leopard gecko skeleton (D:4)
  A quokka zombie (D:8)
  7 rats
  3 fungi (D:6)
243 creatures vanquished.

Notes
Turn   | Place    | Note
-------+----------+-------------------------------------------
     0 | D:1      | Oddi92 the Deep Dwarf Fighter began the quest for the Orb.
     0 | D:1      | Reached XP level 1. HP: 20/20 MP: 1/1
   523 | D:1      | Reached XP level 2. HP: 27/27 MP: 2/2
   901 | D:2      | Reached XP level 3. HP: 26/33 MP: 3/3
  1135 | D:2      | Reached skill level 3 in Axes
  1298 | D:2      | Found an ancient bone altar of Kikubaaqudgha.
  1521 | D:3      | Found a burning altar of Makhleb.
  1531 | D:3      | Became a worshipper of Makhleb the Destroyer
  1633 | D:3      | Noticed Ijyb
  1640 | D:3      | Paralysed by Ijyb for 3 turns
  1647 | D:3      | Killed Ijyb
  1647 | D:3      | Reached XP level 4. HP: 38/42 MP: 4/4
  1770 | D:3      | Reached skill level 1 in Dodging
  2048 | D:3      | Found an ornate altar of the Wu Jian Council.
  2317 | D:4      | Found a blossoming altar of Fedhas.
  2317 | D:4      | Found a stormy altar of Qazlal.
  2352 | D:4      | Reached XP level 5. HP: 40/49 MP: 5/5
  2421 | D:4      | Noticed a phantom
  2430 | D:4      | Reached skill level 4 in Axes
  2435 | D:4      | Noticed Grinder
  2460 | D:4      | Paralysed by Grinder for 5 turns
  2481 | D:4      | Paralysed by Grinder for 5 turns
  2492 | D:4      | Killed Grinder
  2492 | D:4      | Reached XP level 6. HP: 13/56 MP: 6/6
  2511 | D:4      | Reached skill level 5 in Axes
  2593 | D:4      | Reached XP level 7. HP: 63/63 MP: 7/7
  2662 | D:4      | Noticed Blork the orc
  2670 | D:4      | Killed Blork the orc
  2670 | D:4      | Reached * piety under Makhleb
  2670 | D:4      | Reached skill level 5 in Armour
  2877 | D:4      | Reached skill level 5 in Shields
  2891 | D:4      | Reached skill level 6 in Axes
  3063 | D:5      | Entered Level 5 of the Dungeon
  3240 | D:5      | Found a snail-covered altar of Cheibriados.
  3240 | D:5      | Found a hazy altar of Hepliaklqana.
  3240 | D:5      | Found a hide-covered altar of Uskayaw.
  3281 | D:5      | Noticed LevaFresel's ghost (novice KoHu)
  3299 | D:5      | Killed LevaFresel's ghost
  3299 | D:5      | Reached skill level 7 in Axes
  3299 | D:5      | Reached XP level 8. HP: 44/72 MP: 7/7
  3658 | D:5      | Found a glowing golden altar of the Shining One.
  3660 | D:5      | Found a shattered altar of Ashenzari.
  3660 | D:5      | Found a shadowy altar of Dithmenos.
  3662 | D:5      | Found a burning altar of Makhleb.
  3662 | D:5      | Found a shimmering altar of Xom.
  3662 | D:5      | Found a shattered altar of Ashenzari.
  4027 | D:6      | Noticed Sigmund
  4036 | D:6      | Killed Sigmund
  4066 | D:6      | Reached skill level 8 in Axes
  4147 | D:6      | Reached ** piety under Makhleb
  4172 | D:6      | Found a staircase to the Ecumenical Temple.
  4260 | D:6      | Gained mutation: You passively map the area around you. [Deep Dwarf growth]
  4260 | D:6      | Reached XP level 9. HP: 70/80 MP: 7/7
  4336 | D:6      | Found a bloodstained altar of Trog.
  4336 | D:6      | Found an iron altar of Okawaru.
  4378 | D:6      | Found Ryosul's Distillery.
  4381 | D:6      | Bought a potion of curing for 39 gold pieces
  4382 | D:6      | Bought a potion of curing for 39 gold pieces
  4382 | D:6      | Bought a potion of might for 52 gold pieces
  4545 | D:6      | Reached skill level 5 in Fighting
  4652 | D:6      | Noticed Edmund
  4662 | D:6      | Killed Edmund
  4727 | D:6      | Found a runed door.
  4733 | D:6      | Noticed Crazy Yiuf
  4741 | D:6      | Killed Crazy Yiuf
  5298 | D:7      | Reached skill level 9 in Axes
  5324 | D:7      | Found Fapamau's Antique Weapon Shop.
  5421 | D:7      | Bought a runed hunting sling for 130 gold pieces
  5515 | D:7      | Reached *** piety under Makhleb
  5634 | D:7      | Reached skill level 1 in Slings
  5862 | D:7      | Found a sparkling altar of Nemelex Xobeh.
  6185 | D:8      | Noticed a two-headed ogre
  6197 | D:8      | Killed a two-headed ogre
  6197 | D:8      | Reached XP level 10. HP: 56/91 MP: 8/8
  6280 | D:8      | Reached **** piety under Makhleb
  6326 | D:8      | Reached skill level 10 in Axes
  6759 | D:9      | Noticed a two-headed ogre
  6774 | D:9      | Killed a two-headed ogre
  7484 | D:9      | Reached skill level 1 in Maces & Flails
  7555 | D:9      | Reached ***** piety under Makhleb
  7596 | D:9      | Found a staircase to the Orcish Mines.
  7687 | Orc:1    | Entered Level 1 of the Orcish Mines
  7687 | Orc:1    | Found a flagged portal.
  7724 | Orc:1    | Reached skill level 11 in Axes
  7724 | Orc:1    | Reached XP level 11. HP: 87/99 MP: 8/8
  7865 | Orc:2    | Entered Level 2 of the Orcish Mines
  7865 | Orc:2    | Found Ynuclegh's Antique Armour Shop.
  7865 | Orc:2    | Noticed an orc knight
  7875 | Bailey   | Entered a bailey
  7881 | Bailey   | Noticed an orc knight
  7910 | Orc:2    | Noticed an orc sorcerer
  7921 | Orc:2    | Noticed an Executioner
  7923 | Orc:2    | Noticed a green death
  7923 | Orc:2    | Killed an orc knight
  7924 | Orc:2    | Paralysed by an orc sorcerer for 3 turns
  7926 | Orc:2    | HP: 2/99 [green death/poison arrow[the player character] (22)]
  7927 | Orc:2    | Mangled by an Executioner

Skill      XL: |  1  2  3  4  5  6  7  8  9 10 |
---------------+-------------------------------+-----
Axes           | 3 4 5 7 8 9 11 | 11.1
Fighting       | 3 4 5 6 |  6.8
Shields        | 4 5 6 8 9 |  9.7
Armour         | 4 5 6 8 9 |  9.0
Dodging        | 1 2 |  2.4
Slings         | 2 |  2.3
Maces & Flails | 1 |  1.8
Long Blades    | |  0.2
Polearms       | |  0.7
Crossbows      | |  0.9
Throwing       | |  0.3
Stealth        | |  0.7
Invocations    | |  0.9

Action                   |  1- 3 |  4- 6 |  7- 9 | 10-12 || total
-------------------------+-------+-------+-------+-------++-------
Melee: War axe           |   119 |    95 |     6 |       ||   220
       Hand axe          |       |       |   408 |   221 ||   629
       Long sword        |       |       |    14 |       ||    14
       Mace              |       |       |       |    30 ||    30
       Spear             |       |       |       |    30 ||    30
       Flail             |       |       |       |    21 ||    21
 Fire: Hunting sling     |       |       |    13 |       ||    13
       Hand crossbow     |       |       |       |     6 ||     6
Throw: Stone             |     7 |       |       |       ||     7
       Tomahawk          |       |       |       |     5 ||     5
Invok: Greater Servant o |       |       |       |     2 ||     2
 Abil: Heal Wounds       |     1 |     3 |     6 |    12 ||    22
  Use: Scroll            |     4 |     1 |     1 |    10 ||    16
       Potion            |       |       |     1 |       ||     1
  Eat: Chunk             |     2 |     4 |    12 |     6 ||    24
       Ration            |       |       |     2 |       ||     2
Armor: Scale mail        |    59 |    25 |       |       ||    84
       Chain mail        |       |    17 |   162 |    88 ||   267
       Plate armour      |       |       |       |    29 ||    29
Dodge: Dodged            |    46 |    24 |    88 |    81 ||   239
Block: Shield            |    82 |    44 |   205 |   180 ||   511
